 Dungeon Crawl Stone Soup version 0.19-a0-1185-gacb3972 (webtiles) character file.

498 Gagarin the Digger (level 7, -1/36 HPs)
             Began as a Gargoyle Earth Elementalist on Aug 18, 2016.
             Was an Initiate of Vehumet.
             Slain by a slave (6 damage)
             ... led by Pikel
             ... on level 4 of the Dungeon.
             The game lasted 00:16:25 (3543 turns).

Gagarin the Digger (Gargoyle Earth Elementalist)    Turns: 3543, Time: 00:16:26

Health: -1/36      AC:  6    Str: 11    XL:     7   Next: 16%
Magic:  11/11      EV: 10    Int: 18    God:    Vehumet [......]
Gold:   135        SH:  0    Dex: 10    Spells: 2 memorised, 8 levels left

rFire  . . .     SeeInvis .     w - +0 whip
rCold  . . .     Gourm    .     c - +0 robe
rNeg   + . .     Faith    .     (no shield)
rPois  ∞         Spirit   .     (no helmet)
rElec  +         Dismiss  .     (no cloak)
rCorr  .         Reflect  .     (no gloves)
MR     .....     Harm     .     (no boots)
Stlth  +.........               (no amulet)
                                (no ring)
                                (no ring)

@: confused, constricted
A: negative energy resistance 1, electricity resistance, unbreathing,
petrification resistance, rot immunity, AC +4
a: Renounce Religion


You were on level 4 of the Dungeon.
You worshipped Vehumet.
Vehumet was noncommittal.
You were not hungry.

You visited 2 branches of the dungeon, and saw 7 of its levels.

You collected 135 gold pieces.

Inventory:

Hand Weapons
 h - a +0 flail
 w - a +0 whip (weapon)
Armour
 c - a +0 robe (worn)
 m - a +0 shield
 u - a +0 shield
 x - a +0 leather armour of fire resistance
Jewellery
 r - a +2 ring of evasion {unknown}
 v - an uncursed ring of see invisible {unknown}
Scrolls
 f - 2 scrolls of teleportation {unknown}
 j - 2 scrolls of fog {unknown}
 k - a scroll of enchant armour {unknown}
 q - a scroll of fear {unknown}
 t - 2 scrolls of amnesia {unknown}
 y - a scroll of magic mapping {unknown}
 B - a scroll of recharging {unknown}
 C - a scroll of remove curse {unknown}
 D - a scroll of identify {unknown}
 E - a scroll of acquirement {unknown}
Potions
 a - a potion of resistance {unknown}
 i - 2 potions of lignification {unknown}
 l - 6 potions of curing
 n - a potion of degeneration {unknown}
Books
 e - a book of Geomancy

   Spells                             Type                      Level
   a - Sandblast                      Earth                        1
   b - Passwall                       Transmutation/Earth          2
   c - Stone Arrow                    Conjuration/Earth            3
   d - Petrify                        Transmutation/Earth          4
   e - Lee's Rapid Deconstruction     Earth                        5
Comestibles
 d - 4 bread rations
 g - 2 fruits
 p - a meat ration
 s - a slice of pizza
 A - a royal jelly


   Skills:
 - Level 0.2 Maces & Flails
 + Level 3.4 Dodging
 - Level 2.4 Stealth
 - Level 3.1 Spellcasting
 + Level 2.8 Conjurations
   Level 0.7 Transmutations
 + Level 6.6 Earth Magic


You had 8 spell levels left.
You knew the following spells:

 Your Spells              Type           Power        Failure   Level  Hunger
a - Sandblast             Erth           ####..       1%          1    None
b - Stone Arrow           Conj/Erth      ###...       10%         3    ###....


Dungeon Overview and Level Annotations

Branches:
Dungeon (6/15)             Temple (1/1) D:4

Altars:
Cheibriados
Dithmenos
Elyvilon
Fedhas
Hepliaklqana
Makhleb
Nemelex Xobeh
Sif Muna
Trog
Vehumet
Xom
Yredelemnul

Annotations:
D:4 Ijustatesigmund's ghost, amateur DsBe


Innate Abilities, Weirdness & Mutations

You are resistant to torment.
Your stone body is resilient. (AC +4)
You are immune to poison.
You resist negative energy. (rN+)
You are resistant to electric shocks. (rElec)
You can survive without breathing.
You are immune to petrification.
You are immune to rotting.


Message History

It was a potion of ambrosia.
You are confused.
You feel invigorated. The ball python closely misses you. x2
The slave hits you but does no damage. The orc priest completely misses you.
The giant cockroach bites you but does no damage.
The orc closely misses you.
Ijustatesigmund's ghost hits you but does no damage.
The ball python closely misses you. The ball python barely misses you.
The giant cockroach closely misses you. The slave barely misses you.
The orc hits you.
* * * LOW HITPOINT WARNING * * *
The orc priest barely misses you. Ijustatesigmund's ghost hits you.
* * * LOW HITPOINT WARNING * * *
You barely miss the ball python.
The ball python bites you but does no damage.
The ball python grabs you. The ball python constricts you.
The giant cockroach bites you.
* * * LOW HITPOINT WARNING * * *
The slave hits you.
You die...

######### #.......#
#.......### #.........#
#...##....###########+####
#...##..pSo...............
######...@op..............
#..sW#.#...#####W....
#####...a#.#...# #.....
#..........#...#####p....
#..........#...#.........
#..........#...#....p....
#..........#...#....W####
#..........#...##......p.
#..........#...##........


You could see 2 slaves, a worker ant, an orc priest, Ijustatesigmund's ghost, an
orc, a giant cockroach and a ball python.

Vanquished Creatures
  An ogre (D:4)
  A howler monkey (D:4)
  A quasit (D:5)
  2 hounds
  An orc priest (D:3)
  An iguana (D:4)
  Terence (D:3)
  An orc wizard (D:3)
  2 worker ants (D:5)
  6 adders
  A shadow imp (D:5)
  A dart slug (D:2)
  2 giant geckos
  7 orcs
  7 bats
  2 giant cockroaches (D:3)
  3 goblins (D:1)
  11 hobgoblins
  4 jackals (D:5)
  6 kobolds
  2 giant newts (D:1)
  6 rats
69 creatures vanquished.

Notes
Turn   | Place    | Note
-------+----------+-------------------------------------------
     0 | D:1      | Gagarin the Gargoyle Earth Elementalist began the quest for the Orb.
     0 | D:1      | Reached XP level 1. HP: 10/10 MP: 3/3
   172 | D:1      | Reached skill level 4 in Earth Magic
   476 | D:1      | Reached XP level 2. HP: 15/15 MP: 3/5
  1193 | D:2      | Reached XP level 3. HP: 14/19 MP: 0/6
  1682 | D:2      | Reached XP level 4. HP: 24/24 MP: 2/7
  1687 | D:2      | Learned a level 3 spell: Stone Arrow
  1803 | D:2      | Found a blossoming altar of Fedhas.
  2101 | D:3      | Found a shadowy altar of Dithmenos.
  2115 | D:3      | Reached skill level 5 in Earth Magic
  2160 | D:3      | Noticed Terence
  2191 | D:3      | Killed Terence
  2191 | D:3      | Reached XP level 5. HP: 20/28 MP: 2/9
  2650 | D:3      | Found a burning altar of Makhleb.
  2650 | D:3      | Noticed an Executioner
  2748 | D:4      | Found a basalt altar of Yredelemnul.
  2774 | D:4      | Found a staircase to the Ecumenical Temple.
  2774 | D:4      | Noticed an ogre
  2782 | D:4      | Killed an ogre
  2782 | D:4      | Reached skill level 1 in Conjurations
  2782 | D:4      | Reached skill level 6 in Earth Magic
  2782 | D:4      | Reached XP level 6. HP: 32/32 MP: 5/10
  2793 | Temple   | Entered the Ecumenical Temple
  2921 | Temple   | Became a worshipper of Vehumet
  2951 | D:4      | You fall through a shaft for 2 floors!
  2962 | D:5      | Entered Level 5 of the Dungeon
  3176 | D:4      | Reached XP level 7. HP: 26/36 MP: 0/11
  3472 | D:4      | Noticed Ijustatesigmund's ghost (amateur DsBe)
  3542 | D:4      | HP: 1/36 [Ijustatesigmund's ghost (6)]
  3543 | D:4      | Slain by a slave

Vault maps used:
D:1:      dpeg_arrival_leaves_temple_mockup
D:2:      overflow_temple_1_default, grunt_ministairs_13
D:3:      grunt_dithmenos_smoke, first_bread, makhleb_altar_promises_db,
          uniq_terence
D:4:      yredelemnul_altar_generic, serial_corexii_hall,
          corexii_hall_statues_i, corexii_hall_statues_deadend, uniq_pikel,
          uniq_menkaure
D:5:      cheibrodos_ashenzari_chains
D:6:      serial_shops, nicolae_shop_stone
Temple:   nicolae_temple_figure_zero

Skill      XL: |  1  2  3  4  5  6 |
---------------+-------------------+-----
Earth Magic    | 4 5 6 |  6.6
Dodging        | 2 3 |  3.4
Spellcasting   | 3 |  3.1
Conjurations   | 1 2 |  2.8
Maces & Flails | |  0.2
Stealth        | |  2.4
Transmutations | |  0.7

Action                   |  1- 3 |  4- 6 |  7- 9 || total
-------------------------+-------+-------+-------++-------
Melee: Club              |    28 |       |       ||    28
       Whip              |       |     3 |     6 ||     9
 Cast: Sandblast         |    40 |    82 |    20 ||   142
       Stone Arrow       |       |     1 |     1 ||     2
  Use: Potion            |       |       |     1 ||     1
 Stab: Sleeping          |     1 |     1 |       ||     2
  Eat: Chunk             |     3 |     5 |     1 ||     9
Armor: Robe              |    13 |     9 |    15 ||    37
Dodge: Dodged            |    28 |    29 |    49 ||   106
